 Dungeon Crawl Stone Soup version 0.19-a0-675-gf8984cf (webtiles) character file.

4366 poirepourri the Thaumaturge (level 10, -13/50 HPs)
             Began as a Deep Elf Fire Elementalist on June 16, 2016.
             Was a Believer of Vehumet.
             Killed from afar by Erica (29 damage)
             ... with a bolt of poison
             ... on level 8 of the Dungeon.
             The game lasted 00:22:45 (13040 turns).

poirepourri the Thaumaturge (DEFE)                 Turns: 13040, Time: 00:22:46

Health: -13/50     AC:  6    Str:  5    XL:     10   Next: 13%
Magic:  18/26      EV: 16    Int: 27    God:    Vehumet [**....]
Gold:   444        SH:  3    Dex: 15    Spells: 6 memorised, 12 levels left

rFire  . . .     SeeInvis .     j - +2 short sword
rCold  . . .     Gourm    .     a - +1 robe
rNeg   . . .     Faith    .     o - +0 buckler
rPois  .         Spirit   .     (no helmet)
rElec  .         Dismiss  .     (no cloak)
rCorr  +         Reflect  .     d - +2 pair of gloves
SustAt .         Harm     .     (no boots)
MR     +....                    (no amulet)
Stlth  +++.......               B - ring of resist corrosion
                                s - +3 ring of intelligence

@: lethally poisoned (-13 -> -20), somewhat resistant to hostile enchantments,
fairly stealthy
A: no striking features
a: Renounce Religion


You were on level 8 of the Dungeon.
You worshipped Vehumet.
Vehumet was pleased with you.
You were not hungry.

You visited 2 branches of the dungeon, and saw 9 of its levels.

You collected 444 gold pieces.

Inventory:

Hand Weapons
 j - a +2 short sword (weapon)
Armour
 a - a +1 robe (worn)
 d - a +2 pair of gloves (worn)
 o - a +0 buckler (worn)
 J - a +0 pair of gloves
Jewellery
 h - an uncursed ring of protection from cold
 s - a +3 ring of intelligence (left hand)
 B - a ring of resist corrosion (right hand)
Wands
 f - a wand of teleportation (1/9)
 g - a wand of flame (25/48)
 u - a wand of iceblast (1/15)
 A - a wand of flame (21/48)
 C - a wand of iceblast (0/15)
 G - a wand of acid (1/15)
 H - a wand of flame (35/48)
Scrolls
 l - a scroll of recharging
 p - 4 scrolls of remove curse
 v - 2 scrolls of fog
 y - 2 scrolls of magic mapping
Potions
 c - a potion of brilliance
 e - 2 potions of magic
 i - 2 potions of cancellation
 k - 2 potions of curing
 m - a potion of lignification {unknown}
 r - a potion of flight {unknown}
 t - 2 potions of heal wounds
 w - a potion of ambrosia {unknown}
 x - a potion of agility {unknown}
 z - 2 potions of mutation {unknown}
 I - a potion of haste
 L - a potion of berserk rage {unknown}
Books
 b - a book of Flames

   Spells                             Type                      Level
   a - Flame Tongue                   Conjuration/Fire             1
   b - Throw Flame                    Conjuration/Fire             2
   c - Conjure Flame                  Conjuration/Fire             3
   d - Inner Flame                    Hexes/Fire                   3
   e - Sticky Flame                   Conjuration/Fire             4
   f - Fireball                       Conjuration/Fire             5
Comestibles
 n - 7 bread rations
 q - 2 royal jellies
 F - 2 meat rations


   Skills:
 - Level 0.2 Fighting
 - Level 0.2 Short Blades
 + Level 7.3 Dodging
 * Level 6.1 Stealth
 - Level 0.2 Shields
 + Level 10.6 Spellcasting
 + Level 8.0 Conjurations
 + Level 0.3 Hexes
 + Level 8.4 Fire Magic


You had 12 spell levels left.
You knew the following spells:

 Your Spells              Type           Power        Failure   Level  Hunger
a - Flame Tongue          Conj/Fire      #####        1%          1    None
b - Throw Flame           Conj/Fire      ######       1%          2    None
c - Conjure Flame         Conj/Fire      ######..     1%          3    None
d - Inner Flame           Hex/Fire       #####...     3%          3    None
e - Sticky Flame          Conj/Fire      ######..     2%          4    None
f - Fireball              Conj/Fire      ######....   10%         5    ###....


Dungeon Overview and Level Annotations

Branches:
Dungeon (8/15)             Temple (1/1) D:5
   Lair: D:8-11

Altars:
Ashenzari
Dithmenos
Fedhas
Gozag
Hepliaklqana
Kikubaaqudgha
Makhleb
Nemelex Xobeh
Okawaru
Pakellas
Qazlal
Ru
Trog
Uskayaw
Vehumet
Xom
Yredelemnul
Zin
The Shining One

Shops:
D:7 }

Annotations:
D:7 tstbtto's ghost, novice CeBe
D:8 Erica


Message History

Erica is moderately wounded.
Erica casts a spell.
Erica flickers and vanishes!
Casting: Flame Tongue
Confirm with . or Enter, or press ? or * to list all spells.
You can't see any susceptible monsters within range! (Use Z to cast anyway.) Unknown command.
Unknown command.
Evoke which item? (* to show all) (? for menu, Esc to quit)
Zapping:
u - a wand of iceblast {zapped: 6} (will waste charges)
Press: ? - help, Shift-Dir - straight line The mass of ice explodes!
The iceblast engulfs something.
The iceblast engulfs you!
Evoking this partially-identified wand wasted a few charges.
You hear some strange, mumbled words.
A bolt of poison appears from out of thin air!
The bolt of poison hits you!
You are poisoned.
Ouch! That really hurt!
You die...

...)).....##.........# #.#..###.#
..........##...#####.# #.........
..........###).#####.# #......#..
..........# #.)#.....# #.........
..........####)#.....####..##....
...........)...#.....'......#.#.#
..........####.......####...#.#.#
..........# ##{####.# #...#.#.#
..........# #.@# #.# #.#...#..
..........# ##†###.####.#.#####
..........# #..##.#...........
.....###### ##.##.#.##.#...###
###### #.##.# #.#.#.# # #.8..#+#
#.....# # ......... ####### #
............. . #.#.#.8#.....# #


There were no monsters in sight!

Vanquished Creatures
  A meliai zombie (D:8)
  A spriggan (D:8)
  A hungry ghost (D:8)
  2 water moccasins
  Duvessa (D:6)
  3 black bears
  2 sky beasts
  A wasp (D:8)
  6 ogres
  A phantom (D:5)
  4 ice beasts
  3 centaurs
  4 giant frogs
  Dowan (D:6)
  4 killer bees
  4 wights
  A howler monkey (D:4)
  3 crimson imps
  2 centaur zombies
  2 jellies (D:6)
  A quasit (D:7)
  2 giant frog skeletons (D:8)
  6 hounds
  2 centaur skeletons
  4 orc priests
  An orc wizard (D:8)
  2 iguanas
  6 worker ants
  2 hound zombies
  A worker ant zombie (D:7)
  4 gnolls
  7 adders
  3 oozes
  5 dart slugs
  3 giant geckos
  26 orcs
  7 bats
  7 giant cockroaches
  14 goblins
  6 hobgoblins
  13 jackals
  12 kobolds
  2 quokkas
  2 ball pythons
  6 giant newts
  2 goblin skeletons (D:7)
  3 hobgoblin zombies (D:7)
  A kobold skeleton (D:7)
  2 kobold zombies (D:7)
  An orc skeleton (D:7)
  A quokka skeleton (D:7)
  A quokka zombie (D:8)
  8 rats
210 creatures vanquished.

Vanquished Creatures (others)
  A deep elf knight (D:5)
1 creature vanquished.

Grand Total: 211 creatures vanquished

Notes
Turn   | Place    | Note
--------------------------------------------------------------
     0 | D:1      | poirepourri the Deep Elf Fire Elementalist began the quest for the Orb.
     0 | D:1      | Reached XP level 1. HP: 10/10 MP: 6/6
   320 | D:1      | Reached XP level 2. HP: 12/15 MP: 1/8
   712 | D:1      | Found a shattered altar of Ashenzari.
  1139 | D:1      | Reached XP level 3. HP: 19/19 MP: 5/10
  1550 | D:1      | Learned a level 2 spell: Throw Flame
  1554 | D:1      | Learned a level 3 spell: Conjure Flame
  1558 | D:1      | Learned a level 3 spell: Inner Flame
  2331 | D:3      | Noticed a sky beast
  2354 | D:3      | Killed a sky beast
  2354 | D:3      | Reached skill level 4 in Spellcasting
  2354 | D:3      | Reached XP level 4. HP: 2/24 MP: 1/12
  2354 | D:3      | Reached XP level 5. HP: 2/28 MP: 1/13
  2996 | D:3      | Found a hazy altar of Hepliaklqana.
  3606 | D:4      | Found a sparkling altar of Nemelex Xobeh.
  3770 | D:4      | Noticed a black bear
  3778 | D:4      | Killed a black bear
  3778 | D:4      | Reached XP level 6. HP: 11/32 MP: 5/15
  4135 | D:4      | Reached skill level 5 in Spellcasting
  4210 | D:4      | Reached skill level 5 in Fire Magic
  4474 | D:5      | Entered Level 5 of the Dungeon
  4877 | D:5      | Found a staircase to the Ecumenical Temple.
  5197 | D:5      | Noticed an ice beast
  5200 | D:5      | Reached XP level 7. HP: 36/36 MP: 5/17
  5791 | D:5      | Reached skill level 6 in Spellcasting
  6026 | Temple   | Entered the Ecumenical Temple
  6113 | Temple   | Became a worshipper of Vehumet
  6276 | D:5      | Found an oddly glowing altar of Pakellas.
  6277 | D:5      | Noticed a deep elf knight
  6280 | D:5      | Killed a deep elf knight
  6333 | D:5      | Found a shimmering altar of Xom.
  6402 | D:5      | Reached skill level 5 in Conjurations
  6484 | D:5      | Reached skill level 7 in Spellcasting
  6484 | D:5      | Reached XP level 8. HP: 17/41 MP: 11/20
  7005 | D:6      | Reached skill level 5 in Dodging
  7488 | D:6      | Found a sacrificial altar of Ru.
  7562 | D:6      | Noticed Dowan
  7564 | D:6      | Noticed Duvessa
  7608 | D:6      | Killed Duvessa
  7608 | D:6      | Reached skill level 8 in Spellcasting
  7617 | D:6      | Killed Dowan
  8406 | D:6      | Learned a level 4 spell: Sticky Flame
  8412 | D:6      | Learned a level 5 spell: Fireball
  9529 | D:6      | Reached XP level 9. HP: 45/45 MP: 20/23
  9629 | D:6      | Reached skill level 9 in Spellcasting
  9807 | D:6      | Reached * piety under Vehumet
  9807 | D:6      | Offered knowledge of Shock by Vehumet.
 10696 | D:7      | Noticed tstbtto's ghost (novice CeBe)
 10758 | D:7      | Found Ikimaejy's Gadget Shop.
 10785 | D:7      | Found a glowing golden altar of the Shining One.
 10837 | D:7      | Found a shadowy altar of Dithmenos.
 11800 | D:8      | Reached ** piety under Vehumet
 11849 | D:8      | Offered knowledge of Sting by Vehumet.
 11950 | D:8      | Reached skill level 10 in Spellcasting
 11961 | D:8      | Reached skill level 5 in Stealth
 12532 | D:8      | Reached XP level 10. HP: 50/50 MP: 19/26
 12554 | D:8      | Found a hide-covered altar of Uskayaw.
 12852 | D:8      | Found a basalt altar of Yredelemnul.
 12983 | D:8      | Offered knowledge of Ignite Poison by Vehumet.
 12986 | D:8      | Noticed Erica
 13040 | D:8      | Killed from afar by Erica

Vault maps used:
D:1:      lemuel_arrival_hallway, evilmike_ruin_ashenzari
D:3:      overflow_temple_1_default, first_bread
D:4:      black_bear_nest_2, nicolae_overflow_crystal_walls
D:5:      lemuel_coloured_pillars_altar, minmay_temple_entry_mist,
          gammafunk_pakellas_spire_experiment
D:6:      nicolae_ru_awakened_eye, minmay_ogre_servants, uniq_duvessa
D:7:      nicolae_dithmenos_through_a_glass_darkly, serial_shops, shop,
          nicolae_tso_besieged_by_evil
D:8:      lemuel_crystal_altar, minitemple, the_bakery, uniq_erica
Temple:   circular_temple_12

Skill      XL: |  1  2  3  4  5  6  7  8  9 10 |
---------------+-------------------------------+-----
Fire Magic     | 4 5 7 8 |  8.4
Dodging        | 3 4 5 7 |  7.3
Stealth        | 3 4 5 6 |  6.1
Spellcasting   | 4 5 7 8 10 | 10.6
Conjurations   | 2 3 4 5 6 7 8 |  8.0
Fighting       | |  0.2
Short Blades   | |  0.2
Shields        | |  0.2
Hexes          | |  0.3

Action                   |  1- 3 |  4- 6 |  7- 9 | 10-12 || total
-------------------------+-------+-------+-------+-------++-------
Melee: Short sword       |    10 |       |   189 |       ||   199
 Cast: Flame Tongue      |    73 |    35 |   203 |    29 ||   340
       Throw Flame       |     7 |    52 |   140 |    22 ||   221
       Inner Flame       |     2 |       |       |       ||     2
       Fireball          |       |       |     2 |       ||     2
       Conjure Flame     |       |       |     1 |       ||     1
       Sticky Flame      |       |       |     1 |       ||     1
Evoke: Wand              |       |       |     3 |     6 ||     9
  Use: Scroll            |    10 |     6 |    12 |     1 ||    29
       Potion            |       |       |     2 |     1 ||     3
  Eat: Bread ration      |     1 |     1 |     2 |       ||     4
       Fruit             |       |     4 |       |       ||     4
       Pizza             |       |     2 |       |       ||     2
       Meat ration       |       |       |     3 |       ||     3
       Royal jelly       |       |       |     1 |       ||     1
Armor: Robe              |    15 |    10 |    86 |     4 ||   115
Dodge: Dodged            |    32 |    10 |   264 |    11 ||   317
Block: Buckler           |       |     3 |    53 |     2 ||    58
